 Dungeon Crawl Stone Soup version 0.21-a0-476-gd103f4b (webtiles) character file.

24 nikopol the Firebug (level 2, -9/15 HPs)
             Began as a Deep Elf Fire Elementalist on Nov 22, 2017.
             Mangled by an ogre
             ... wielding a +0 giant club
              (24 damage)
             ... on level 2 of the Dungeon.
             The game lasted 00:02:04 (843 turns).

nikopol the Firebug (Deep Elf Fire Elementalist)     Turns: 843, Time: 00:02:05

Health: -9/15      AC:  2    Str:  5    XL:     2   Next: 79%
Magic:  8/8        EV: 13    Int: 19    God:
Gold:   47         SH:  0    Dex: 15    Spells: 5/8 levels left

rFire    . . .     SeeInvis .   j - +0 dagger
rCold    . . .     Gourm    .   (no shield)
rNeg     . . .     Faith    .   a - +0 robe
rPois    .         Spirit   .   (no helmet)
rElec    .         Reflect  .   (no cloak)
rCorr    .         Harm     .   (no gloves)
MR       .....                  (no boots)
Stlth    ++........             (no amulet)
HPRegen  0.05/turn              (no ring)
MPRegen  0.11/turn              (no ring)

@: no status effects
A: no striking features
a: no special abilities


You were on level 2 of the Dungeon.
You were not hungry.

You visited 1 branch of the dungeon, and saw 2 of its levels.

You collected 47 gold pieces.

Inventory:

Hand Weapons
 j - a +0 dagger (weapon)
Armour
 a - a +0 robe (worn)
Jewellery
 d - an uncursed ring of protection from cold {unknown}
Scrolls
 e - a scroll of teleportation {unknown}
 f - 3 scrolls of remove curse {unknown}
 g - a scroll of enchant armour {unknown}
 i - a scroll of enchant weapon {unknown}
 o - 3 scrolls of identify {unknown}
Potions
 h - a potion of brilliance {unknown}
 k - 2 potions of lignification {unknown}
 l - 2 potions of curing {unknown}
Books
 b - a book of Flames

   Spells                             Type                      Level
   a - Flame Tongue                   Conjuration/Fire             1
   b - Throw Flame                    Conjuration/Fire             2
   c - Conjure Flame                  Conjuration/Fire             3
   d - Inner Flame                    Hexes/Fire                   3
   e - Sticky Flame                   Conjuration/Fire             4
   f - Fireball                       Conjuration/Fire             5
Comestibles
 c - a bread ration
 m - a royal jelly


   Skills:
 + Level 2.9 Dodging
 + Level 2.5 Stealth
 + Level 3.5 Spellcasting
 + Level 1.2 Conjurations
 + Level 3.8 Fire Magic


You had 5 spell levels left.
You knew the following spells:

 Your Spells              Type           Power        Failure   Level  Hunger
a - Flame Tongue          Conj/Fire      ##...        4%          1    None
b - Throw Flame           Conj/Fire      ##....       8%          2    ##.....


Dungeon Overview and Level Annotations

Branches:
Dungeon (2/15)

Altars:


Message History

Press: ? - help, Shift-Dir - straight line, f - bat
Aim: a bat You miscast Flame Tongue.
You are very lightly contaminated with residual magic.
Nothing appears to happen.
The bat closely misses you. The bat misses you.
Casting: Flame Tongue
Confirm with . or Enter, or press ? or * to list all spells.
Aiming: Flame Tongue
Press: ? - help, Shift-Dir - straight line, f/p - bat
Aim: a bat The flame tongue hits the bat.
You kill the bat!
All of the chunks of flesh in your inventory have rotted away.
Your magical contamination has completely faded away.
A rat comes into view.
An ogre comes into view. It is wielding a giant club.
The ogre shouts!
The ogre hits you with a giant club!!
Ouch! That really hurt!
You die...

#.# .# #.# #.# #.# #.#
#.# #.# #.# #.#
####.####### #.#
...........#####.#####
.........#.......!...#
.##.####.#######@#...r.
.##.# #.# #.O..#.##
.##.# #.# ...#..# .##.#
#.# ###. .## .#... ...
.. ## ..... #.# ###
##... #.# ###.## #.# .


You could see an ogre.

Vanquished Creatures
  A leopard gecko (D:1)
  A ball python (D:2)
  3 bats
  A giant cockroach (D:1)
  2 goblins (D:1)
  3 hobgoblins
  3 kobolds (D:1)
  8 rats
22 creatures vanquished.

Notes
Turn   | Place    | Note
-------+----------+-------------------------------------------
     0 | D:1      | nikopol the Deep Elf Fire Elementalist began the quest for the Orb.
     0 | D:1      | Reached XP level 1. HP: 10/10 MP: 6/6
   387 | D:1      | Reached XP level 2. HP: 15/15 MP: 6/8
   436 | D:1      | Learned a level 2 spell: Throw Flame
   842 | D:2      | Noticed an ogre
   843 | D:2      | Mangled by an ogre

Vault maps used:
D:1:      shiori_shiawase
D:2:      minmay_wonky_spiral, xom_teletrap_fun,
          chequers_ecumenical_altar_simple_redux

Action                   || total
-------------------------++-------
 Cast: Flame Tongue      ||    30
Dodge: Dodged            ||     8

Table legend:
 A = Spawn XP
 B = Non-spawn XP
 C = Spawn XP percentage of total XP
 D = Spawn monster count
 E = Non-spawn monster count
 F = Spawn count percentage of total count
 G = Total turns spent on level
                    A         B        C        D         E        F      G
               +---------+---------+-------+---------+---------+-------+---------
         Total |       0 |      35 |   0.0 |       0 |      22 |   0.0 |   843
               +---------+---------+-------+---------+---------+-------+---------
           D:1 |       0 |      28 |   0.0 |       0 |      18 |   0.0 |   705
           D:2 |       0 |       7 |   0.0 |       0 |       4 |   0.0 |   138
               +---------+---------+-------+---------+---------+-------+---------
